 Dungeon Crawl Stone Soup version 0.19-a0-1065-gdac414d (webtiles) character file.

117395 4thArraOfDagon the Executioner (level 15, 4/283 HPs)
             Began as a Minotaur Berserker on Aug 3, 2016.
             Was an Elder of Trog.
             Quit the game on level 4 of the Spider Nest.
             The game lasted 00:49:08 (6483 turns).

4thArraOfDagon the Executioner (Minotaur Berserker) Turns: 6483, Time: 00:49:08

Health: 4/283      AC: 10    Str: 32    XL:     15   Next: 49%
Magic:  14/14      EV:  2    Int:  5    God:    Trog [****..]
Gold:   722        SH:  3    Dex: 15    Spells: 0 memorised, 14 levels left

rFire  . . .     SeeInvis .     y - +1 broad axe
rCold  . . .     Gourm    .     (armour currently unavailable)
rNeg   + + +     Faith    .     (no shield)
rPois  +         Spirit   .     (helmet currently unavailable)
rElec  .         Dismiss  .     (cloak currently unavailable)
rCorr  .         Reflect  +     (gloves currently unavailable)
SustAt .         Harm     .     (boots currently unavailable)
MR     +....     NoTele   +     W - +3 amulet of reflection
Stlth  ..........               G - ring of flight
                                i - +3 ring of protection

@: agile, berserking (expiring), tree-form, corroded, very quick
A: (retaliatory headbutt), (horns 0)
a: Berserk, Trog's Hand, Brothers in Arms, Burn Spellbooks, Renounce Religion
}: 2/15 runes: decaying, gossamer


You were on level 4 of the Spider Nest.
You worshipped Trog.
Trog was greatly pleased with you.
You were not hungry.
You were a tree.
You visited 4 branches of the dungeon, and saw 24 of its levels.
You also visited: Ice Cave.

You collected 750 gold pieces.
You spent 28 gold pieces at shops.

Inventory:

Hand Weapons
 m - a +2 great mace of protection
 y - a +1 broad axe (weapon)
Armour
 b - a +0 animal skin
 e - a +0 shield
 h - the +3 crown of Dyrovepreva (melded) {rElec Int+2 SInv}
   (You found it on level 6 of the Lair of Beasts)

   It affects your intelligence (+2).
   It insulates you from electricity.
   It lets you see invisible.
 n - a +0 plate armour (melded)
 o - a +1 pair of gloves (melded)
 r - a +0 cloak of poison resistance (melded)
 t - a +0 cloak
 w - a +0 ring mail
 D - a +1 hat
 P - a cursed +0 scale mail
Jewellery
 a - an uncursed ring of poison resistance
 i - a +3 ring of protection (left branch)
 x - a +3 ring of dexterity
 G - a ring of flight (right branch)
 N - an uncursed ring of see invisible
 W - a +3 amulet of reflection (around neck)
Wands
 v - a wand of confusion (27/48)
 A - a wand of paralysis (0/24)
 F - a wand of polymorph (2/24)
 J - a wand of iceblast (2/15)
 M - a wand of flame (37/48)
Scrolls
 j - 2 scrolls of magic mapping
 q - a scroll of fear
 E - a scroll of summoning {unknown}
 H - 3 scrolls of fog
 L - a scroll of vulnerability
 T - 2 scrolls of noise {unknown}
 U - a scroll of blinking {unknown}
 V - a scroll of enchant armour {unknown}
Potions
 d - 2 potions of haste
 f - a potion of resistance (quivered) {SLIME RES}
 g - a potion of ambrosia
 k - 4 potions of heal wounds {unknown}
 p - 2 potions of flight
 s - 3 potions of lignification
 u - 2 potions of magic
 z - a potion of berserk rage
 B - a potion of cancellation {unknown}
 I - a potion of experience {unknown}
 S - a potion of mutation {unknown}
Books
 O - a book of Transfigurations

   Spells                             Type                      Level
   a - Irradiate                      Conjuration/Transmutation    5
   b - Statue Form                    Transmutation/Earth          6
   c - Hydra Form                     Transmutation                6
   d - Dragon Form                    Transmutation                7
   Trog disapproves of the use of such an item.


   Skills:
 - Level 10.0 Fighting
 * Level 25.9 Axes
 - Level 12.0 Armour
 - Level 2.1 Dodging


You had 14 spell levels left.
You didn't know any spells.

Dungeon Overview and Level Annotations

Branches:
Dungeon (10/15)            Temple (0/1) D:7            Lair (6/6) D:9
  Swamp (4/4) Lair:4       Spider (4/4) Lair:4
  Slime: Lair:5-6       Orc: D:9-12

Altars:
Elyvilon
Fedhas
Makhleb
Okawaru
Zin

Shops:
D:4 %**   D:6 (

Portals:
Hell: Lair:6

Annotations:
Lair:3 HIVE, Nergalle
Lair:4 HYDRA PONDLEFT, exclusion: upstairs
Lair:5 SLIME


Innate Abilities, Weirdness & Mutations

((You reflexively headbutt those who attack you in melee.))
((You have a pair of horns on your head.))


Message History

* * * LOW HITPOINT WARNING * * *
The wolf spider bites you but does no damage.
The entropy weaver hits you!
* * * LOW HITPOINT WARNING * * *
The entropy weaver hits you!
* * * LOW HITPOINT WARNING * * *
The entropy weaver hits you but does no damage. x2
Unknown command.
You barely miss the wolf spider.
The wolf spider is heavily wounded.
You hit the entropy weaver but do no damage.
The wolf spider hits you!
* * * LOW HITPOINT WARNING * * *
The wolf spider bites you!
* * * LOW HITPOINT WARNING * * *
Unknown command.
Unknown command.
Unknown command.
Unknown command.
Are you sure you want to abandon this character and quit the game? (Confirm with "yes".)

.# .^# ###### ###..#
##.#.≈## ### .##
.#.^# ##..≈...# ##.#
.#^##....##
##......≈#### ##..#
)..#......
#..♣..≈≈...≈## #...≈
#..#...##
##.as####.≈..≈####≈≈≈
........# #≈..##
##≈≈≈..≈≈≈#≈≈#
##...####
#≈.≈≈###.≈≈##≈...≈≈≈#
.#...#.#
#≈....##.≈≈)##≈...≈##
.##....####
##≈.:.###...###≈...≈#
.^###..#..##
##≈≈.≈.##### ###≈..#
..#.#...<..#
###..≈####### ##††#
#..^#...††.##
##≈.≈##.... ##.#


You could see an entropy weaver and a wolf spider.

Vanquished Creatures
  the Lernaean hydra (Swamp:4)
  Rupert (Lair:5)
  Kirke (Swamp:2)
  2 thorn hunters (Swamp:4)
  Roxanne (Swamp:4)
  2 emperor scorpions
  2 ghost moths (Spider:4)
  A dire elephant (Lair:6)
  3 spark wasps (Spider:4)
  14 hydras
  A hell beast (Lair:6)
  2 ghost crabs (Swamp:4)
  A death yak (D:9)
  3 alligators
  A spriggan druid (Swamp:4)
  A shambling mangrove (Swamp:2)
  A wizard (Lair:6)
  13 swamp dragons
  A griffon (Lair:4)
  10 wolf spiders
  10 orb spiders
  5 hornets (Spider:4)
  An ugly thing (IceCv)
  2 moths of wrath (Spider:4)
  Maurice (D:9)
  2 torpor snails
  6 black mambas
  5 orange demons (Lair:6)
  5 spiny frogs
  A rime drake (Lair:6)
  7 demonic crawlers
  2 komodo dragons
  A hellwing (Lair:6)
  An ice devil (Lair:6)
  2 red devils (Lair:6)
  A polar bear (Lair:6)
  10 jumping spiders
  20 blink frogs
  32 redbacks
  2 spriggans (Swamp:4)
  A shadow (Swamp:2)
  10 tarantellas
  2 hogs (Swamp:2)
  27 yaks
  9 hippogriffs
  A basilisk (Lair:4)
  2 soldier ants (Spider:4)
  3 vampire mosquitoes (Swamp:2)
  3 insubstantial wisps
  15 swamp worms
  12 water moccasins
  A hell hound (Lair:6)
  A porcupine (Lair:2)
  7 ice beasts
  7 swamp drakes (Swamp:4)
  5 wasps
  3 ogres
  4 wolves (Lair:5)
  5 crocodiles
  7 giant frogs
  3 howler monkeys (D:9)
  An electric eel (Lair:4)
  A gnoll shaman (D:8)
  2 giant frog zombies (D:7)
  3 hounds
  A centaur zombie (D:9)
  2 iguanas
  A worker ant (D:9)
  6 sheep
  3 adders
  3 gnolls (D:8)
  7 river rats (Lair:6)
  A shadow imp (D:9)
  An adder skeleton (D:9)
  2 orcs
  A bat (D:1)
  A giant cockroach (D:8)
  2 goblins (D:1)
  2 hobgoblins
  A quokka (D:8)
  4 giant newts
  2 kobolds
  A quokka skeleton (D:7)
  A rat (D:1)
355 creatures vanquished.

Vanquished Creatures (collateral kills)
  An orb spider (Spider:4)
1 creature vanquished.

Vanquished Creatures (others)
  A wolf spider (Spider:4)
  A jumping spider (Spider:2)
  A tarantella (Spider:4)
  A fungus (Lair:6)
4 creatures vanquished.

Grand Total: 360 creatures vanquished

Notes
Turn   | Place    | Note
-------+----------+-------------------------------------------
     0 | D:1      | 4thArraOfDagon the Minotaur Berserker began the quest for the Orb.
     0 | D:1      | Reached XP level 1. HP: 19/19 MP: 0/0
    87 | D:1      | Reached skill level 4 in Axes
    99 | D:1      | Reached XP level 2. HP: 19/27 MP: 1/1
   203 | D:4      | Found Zaoker's General Store.
   207 | D:4      | Bought a scroll of identify for 28 gold pieces
   237 | D:5      | Entered Level 5 of the Dungeon
   245 | D:5      | Reached XP level 3. HP: 18/33 MP: 2/2
   283 | D:5      | Noticed a gnoll sergeant
   290 | D:4      | Found Iwugyak's General Store.
   304 | D:4      | Found Nyliq's Food Shoppe.
   306 | D:4      | Noticed an ogre
   318 | D:4      | Reached skill level 5 in Axes
   318 | D:4      | Reached XP level 4. HP: 13/41 MP: 3/3
   321 | D:4      | Killed an ogre
   321 | D:4      | Reached skill level 5 in Fighting
   321 | D:4      | Reached XP level 5. HP: 16/48 MP: 4/4
   389 | D:5      | Noticed an ice beast
   420 | D:6      | Killed an ice beast
   420 | D:6      | Reached skill level 6 in Axes
   432 | D:6      | Found Riakyrph's Weapon Emporium.
   656 | D:7      | Found a white marble altar of Elyvilon.
   657 | D:7      | Noticed an ogre
   674 | D:7      | Killed an ogre
   674 | D:7      | Reached XP level 6. HP: 57/57 MP: 5/5
   695 | D:7      | Found a staircase to the Ecumenical Temple.
   861 | D:8      | Reached ** piety under Trog
   872 | D:8      | Noticed a hippogriff
   878 | D:8      | Killed a hippogriff
   878 | D:8      | Reached skill level 7 in Axes
   878 | D:8      | Reached XP level 7. HP: 66/66 MP: 6/6
   956 | D:9      | Found an iron altar of Okawaru.
   959 | D:9      | Found a blossoming altar of Fedhas.
   962 | D:9      | Found a burning altar of Makhleb.
   965 | D:9      | Noticed a yak
   967 | D:9      | Noticed Maurice
   968 | D:9      | Noticed a yak
   969 | D:9      | Noticed a death yak
   981 | D:9      | Killed a yak
   981 | D:9      | Reached skill level 5 in Armour
   985 | D:9      | Reached skill level 8 in Axes
   985 | D:9      | Reached XP level 8. HP: 74/74 MP: 7/7
   987 | D:9      | jacquesderrida: eeeeeeeeeeei
   991 | D:9      | Killed a death yak
   991 | D:9      | Reached skill level 9 in Axes
   994 | D:9      | Killed Maurice
   994 | D:9      | Reached XP level 9. HP: 85/85 MP: 8/8
   995 | D:9      | Reached skill level 10 in Axes
   999 | D:9      | Reached skill level 10 in Fighting
  1041 | D:9      | Found a staircase to the Lair.
  1063 | D:9      | jacquesderrida: reeeeee
  1065 | D:10     | Entered Level 10 of the Dungeon
  1112 | Lair:1   | Entered Level 1 of the Lair of Beasts
  1154 | Lair:1   | Reached skill level 11 in Axes
  1159 | Lair:1   | Reached skill level 12 in Axes
  1182 | Lair:1   | Noticed a black mamba
  1187 | Lair:1   | Killed a black mamba
  1187 | Lair:1   | Reached *** piety under Trog
  1187 | Lair:1   | Reached XP level 10. HP: 90/93 MP: 9/9
  1370 | Lair:2   | Identified the Papyrus of Ashen Heat (You found it on level 2 of the Lair of Beasts)
  1376 | Lair:2   | Found a frozen archway.
  1393 | IceCv    | Entered an ice cave
  1393 | IceCv    | Noticed a white ugly thing
  1397 | IceCv    | Reached skill level 13 in Axes
  1405 | IceCv    | Killed a white ugly thing
  1531 | Lair:2   | Found a glowing silver altar of Zin.
  1567 | Lair:3   | Noticed Nergalle
  1589 | Lair:4   | Reached skill level 10 in Armour
  1592 | Lair:4   | Reached skill level 14 in Axes
  1644 | Lair:4   | Reached XP level 11. HP: 17/99 MP: 10/10
  1855 | Lair:5   | Reached skill level 15 in Axes
  1990 | Lair:5   | Noticed Rupert
  2011 | Lair:5   | Killed Rupert
  2011 | Lair:5   | Reached skill level 16 in Axes
  2126 | Lair:6   | Entered Level 6 of the Lair of Beasts
  2134 | Lair:6   | Reached **** piety under Trog
  2401 | Lair:6   | Reached skill level 17 in Axes
  2401 | Lair:6   | Reached XP level 12. HP: 98/106 MP: 11/11
  2467 | Lair:6   | Noticed a seven-headed hydra
  2497 | Lair:6   | Killed a nine-headed hydra
  2559 | Lair:6   | Noticed a dire elephant
  2573 | Lair:6   | Killed a dire elephant
  2638 | Lair:6   | Found a burning altar of Makhleb.
  2667 | Lair:6   | Reached skill level 18 in Axes
  2690 | Lair:6   | Noticed a hell beast
  2808 | Lair:6   | jacquesderrida: oooooo
  2831 | Lair:6   | Killed a hell beast
  2894 | Lair:6   | Found a gateway to Hell.
  2970 | Lair:6   | Noticed a six-headed hydra
  3024 | Lair:5   | Reached skill level 19 in Axes
  3109 | Lair:4   | Reached ***** piety under Trog
  3226 | Lair:3   | Noticed a six-headed hydra
  3235 | Lair:3   | Killed a six-headed hydra
  3251 | Lair:3   | Received a gift from Trog
  3254 | Lair:3   | :D
  3480 | Lair:4   | Found a staircase to the Swamp.
  3490 | Lair:4   | Reached XP level 13. HP: 91/113 MP: 12/12
  3505 | Lair:4   | Reached skill level 20 in Axes
  3547 | Swamp:1  | Entered Level 1 of the Swamp
  3599 | Swamp:2  | Noticed Kirke
  3614 | Swamp:2  | Killed Kirke
  3818 | Swamp:4  | Entered Level 4 of the Swamp
  3864 | Swamp:4  | Noticed Roxanne
  3938 | Swamp:4  | Killed Roxanne
  3938 | Swamp:4  | Reached skill level 21 in Axes
  4064 | Swamp:4  | Noticed a thorn hunter
  4154 | Swamp:4  | Killed a thorn hunter
  4249 | Swamp:4  | Reached skill level 22 in Axes
  4413 | Swamp:4  | Reached XP level 14. HP: 108/121 MP: 13/13
  4585 | Swamp:4  | Noticed a thorn hunter
  4606 | Swamp:4  | Killed a thorn hunter
  4606 | Swamp:4  | Reached skill level 23 in Axes
  4655 | Swamp:4  | Noticed the 27-headed Lernaean hydra
  4672 | Swamp:4  | Killed the 27-headed Lernaean hydra
  4819 | Swamp:4  | Got a decaying rune of Zot
  4978 | Lair:4   | 4thArraOfDagon: where
  5001 | Lair:4   | there
  5024 | Lair:4   | Found a hole to the Spider Nest.
  5061 | Lair:4   | Received a gift from Trog
  5071 | Lair:4   | rotfl
  5104 | Spider:1 | Entered Level 1 of the Spider Nest
  5207 | Spider:2 | Reached skill level 24 in Axes
  5470 | Spider:2 | Noticed an emperor scorpion
  5495 | Spider:2 | Killed an emperor scorpion
  5610 | Spider:4 | Entered Level 4 of the Spider Nest
  5794 | Spider:4 | Reached XP level 15. HP: 126/126 MP: 14/14
  5865 | Spider:4 | Noticed a ghost moth
  5876 | Spider:4 | Killed a ghost moth
  5876 | Spider:4 | Reached skill level 25 in Axes
  5934 | Spider:4 | Noticed a ghost moth
  6341 | Spider:4 | Killed a ghost moth
  6404 | Spider:4 | Got a gossamer rune of Zot
  6466 | Spider:4 | FAIL
  6482 | Spider:4 | HP: 14/283 [wolf spider (7)]
  6482 | Spider:4 | HP: 4/283 [wolf spider (10)]
  6483 | Spider:4 | 4thArraOfDagon: :)
  6483 | Spider:4 | 4thArraOfDagon: no food, crappy weapon
  6483 | Spider:4 | Quit the game

Vault maps used:
D:1:      lightli_iron_boxes
D:2:      minivault_27
D:3:      wad_river_or_something, kennysheep_decorative_pillar,
          kennysheep_another_room, ashenzari_altar_1
D:4:      wad_crossroads, serial_shops, nicolae_shop_statue_plus,
          nicolae_shop_crystal, nicolae_shop_behind_doors, shop
D:5:      first_bread
D:6:      kennysheep_mini, serial_shops, shop_statue
D:7:      grunt_temple_overflow_magic_moments, nicolae_overflow_crystal_walls
D:8:      lemuel_zombie_altar_yredelemnul, gammafunk_temple_overflow_wave,
          grunt_livestock
D:9:      grunt_temple_overflow_cloverleaf, dpeg_lair_monsters, serial_shops,
          nicolae_shop_behind_doors, minmay_librarian, uniq_maurice
D:10:     serial_shops, nicolae_shop_window_shopping, minivault_14,
          hangedman_decor_diamond_cutter, uniq_harold
Lair:1:   minivault_23, beast_lair_carwin_4, grunt_megastairs_4, uniq_erica
Lair:2:   portal_ice_cave_entry_pillars_1, basic_altar, grunt_megastairs_1,
          lemuel_fruit_fields
Lair:3:   regret_index_wax_grids, uniq_nergalle
Lair:4:   nicolae_swamp_entry_splash_gauntlet, spider_nest_entry_webs,
          grunt_megastairs_5
Lair:5:   slime_altar_2, uniq_rupert
Lair:6:   evil_forest
Swamp:1:  serial_swamp_ruin, hangedman_swamp_ruin_hall,
          evilmike_swamp_ruin_rubble_1, evilmike_swamp_ruin_house_1,
          swamp_pool1, uniq_josephine, uniq_louise
Swamp:2:  evilmike_swamp_ruin_house_2, uniq_kirke
Swamp:3:  evilmike_swamp_ruin_wall
Swamp:4:  swamp_old_school, uniq_roxanne
Spider:1: uniq_asterion
Spider:3: uniq_mara
Spider:4: spider_rune_water, zaba_antful_of_joy
IceCv:    ice_cave_statue_garden_teleport

Skill      XL: |  1  2  3  4  5  6  7  8  9 10 11 12 13 14 15 |
---------------+----------------------------------------------+-----
Axes           | 4 5 6 7 8 9 12 14 17 19 22 24 25 | 25.9
Fighting       | 4 5 6 7 9 10 | 10.0
Armour         | 3 4 5 6 8 10 12 | 12.0
Dodging        | |  2.1

Action                   |  1- 3 |  4- 6 |  7- 9 | 10-12 | 13-15 || total
-------------------------+-------+-------+-------+-------+-------++-------
Melee: Hand axe          |    28 |    35 |    41 |       |       ||   104
       Headbutt          |     3 |    14 |     7 |    95 |   155 ||   274
       Mace              |     1 |     2 |       |       |       ||     3
       Broad axe         |       |       |    20 |   334 |   479 ||   833
       Great mace        |       |       |       |    56 |   165 ||   221
Invok: Berserk           |     3 |     4 |     2 |    19 |    36 ||    64
       Trog's Hand       |       |       |     1 |    10 |    38 ||    49
       Burn Spellbooks   |       |       |     1 |     1 |       ||     2
Evoke: Wand              |       |       |       |     3 |    27 ||    30
       Sack of spiders   |       |       |       |       |     4 ||     4
  Use: Scroll            |     4 |     2 |     6 |     8 |     6 ||    26
       Potion            |     4 |       |     1 |       |     9 ||    14
 Stab: Paralysed         |       |       |       |     2 |    11 ||    13
       Confused          |       |       |       |       |     2 ||     2
       Invisible         |       |       |       |       |     3 ||     3
  Eat: Bread ration      |       |     1 |       |       |     4 ||     5
       Chunk             |       |     2 |     4 |    26 |    39 ||    71
       Fruit             |       |       |       |     9 |       ||     9
       Beef jerky        |       |       |       |     1 |     1 ||     2
       Meat ration       |       |       |       |       |     1 ||     1
Armor: Animal skin       |     9 |     6 |     3 |       |       ||    18
       Skin              |       |       |    49 |       |    13 ||    62
       Ring mail         |       |       |    11 |     5 |       ||    16
       Plate armour      |       |       |       |   301 |   687 ||   988
Dodge: Dodged            |    34 |    24 |    26 |   196 |   329 ||   609
Block: Other             |       |       |       |       |    28 ||    28
